 Dungeon Crawl Stone Soup version 0.31-a0-150-g89dc3ad700 (webtiles) character file.

Game seed: 17904786918953934611

71996 qw the Marksgargoyle (level 15, -19/98 HPs)
             Began as a Gargoyle Hunter on June 8, 2023.
             Was an Elder of Okawaru.
             Killed from afar by Azrael (27 damage)
             ... with damnation
             ... on level 14 of the Dungeon.
             The game lasted 00:09:27 (16723 turns).

qw the Marksgargoyle (Gargoyle Hunter)             Turns: 16723, Time: 00:09:27

Health: -19/98     AC: 36    Str: 15    XL:     15   Next: 38%
Magic:  22/22      EV: 22    Int: 14    God:    Okawaru [****..]
Gold:   2008       SH:  5    Dex: 27    Spells: 14/14 levels left

rFire   . . .        Y - +3 longbow
rCold   . . .        (shield currently unavailable)
rNeg    + . .        o - +2 ring mail "Luim" {rCorr Int+3 Dex+2}
rPois   inf          i - +2 helmet
rElec   +            p - +2 cloak "Yhae" {Dex+6}
rCorr   +            v - +1 pair of gloves
SInv    +            g - +0 pair of boots
Will    +....        w - amulet of reflection
Stlth   +++          f - +4 ring of protection
HPRegen 0.36/turn    s - ring of see invisible
MPRegen 0.18/turn

%: reflection
@: about to teleport, heroic, flying
A: sickness immunity, AC +11, big wings, negative energy resistance 1,
electricity resistance, torment resistance 1, petrification resistance
a: Renounce Religion, Heroism, Finesse


You were on level 14 of the Dungeon.
You worshipped Okawaru.
Okawaru was greatly pleased with you.
You visited 3 branches of the dungeon, and saw 20 of its levels.
You also visited: Sewer.

You collected 2008 gold pieces.


Innate Abilities, Weirdness & Mutations

You are immune to sickness and miasma.
Your stone body is resilient. (AC +11)
You are immune to poison.
Your large and strong wings let you fly.
You resist negative energy. (rN+)
You are resistant to electric shocks. (rElec)
You are resistant to unholy torment.
You are immune to petrification.


   Skills:
 - Level 13.0(18.0) Fighting
 + Level 19.1(24.1) Ranged Weapons
 - Level 9.0(14.0) Armour
 - Level 8.0(13.0) Dodging
 - Level 1.1(6.1) Stealth
 - Level 10.0 Invocations


You had 14 spell levels left.
You didn't know any spells.
Your spell library was empty.

Inventory:

Hand Weapons
 c - a +0 longbow of flaming
 Y - a +3 longbow (weapon)
Armour
 b - a +0 troll leather armour
 g - a +0 pair of boots (worn)
 i - a +2 helmet (worn)
 o - the +2 ring mail "Luim" (worn) {rCorr Int+3 Dex+2}
   (You found it on level 3 of the Lair of Beasts)

   Int:       It affects your intelligence (+3).
   Dex:       It affects your dexterity (+2).
   rCorr:     It protects you from acid and corrosion.
 p - the +2 cloak "Yhae" (worn) {Dex+6}
   (Okawaru gifted it to you on level 3 of the Lair of Beasts)

   Dex:       It affects your dexterity (+6).
 r - a +0 ring mail of fire resistance
 v - a +1 pair of gloves (worn)
Jewellery
 f - a +4 ring of protection (left hand)
 n - a ring of fire
 s - a ring of see invisible (right hand)
 t - a ring of willpower
 w - an amulet of reflection (around neck)
 y - a ring of protection from fire
Wands
 q - a wand of digging (11)
Scrolls
 a - 7 scrolls of identify
 m - 3 scrolls of teleportation
Potions
 d - 4 potions of resistance
 e - 2 potions of haste
 h - 2 potions of might
 j - 5 potions of curing
 k - 2 potions of cancellation
 l - 3 potions of mutation
 x - a potion of heal wounds

Dungeon Overview and Level Annotations

Branches:
Dungeon (14/15)            Temple (1/1) D:4            Lair (5/5) D:9
 Shoals (0/4) Lair:3       Spider (0/4) Lair:2        Slime (0/5) Lair:5
    Orc (0/2) D:12         Vaults (0/5) D:13          Sewer (visited)

Altars:
Ashenzari
Cheibriados
Dithmenos
Elyvilon
Fedhas
Gozag
Hepliaklqana
Kikubaaqudgha
Makhleb
Nemelex Xobeh
Okawaru
Qazlal
Ru
Sif Muna
Trog
Uskayaw
Vehumet
Wu Jian
Xom
Yredelemnul
Zin
The Shining One

Annotations:
D:14 Azrael


Message History

The hell hound breathes flames at you. The blast of flame hits you!
The ogre mage hits you but does no damage.
Azrael gestures at you. The bolt of fire hits you!
You shoot an arrow.
The arrow hits the hell hound but does no damage.
The hell hound closely misses you.
You shoot an arrow. The arrow hits the hell hound!!
You kill the hell hound!
Okawaru accepts your kill. The ogre mage barely misses you.
You shoot an arrow. The arrow hits Azrael.
Azrael is lightly wounded.
Azrael hits you but does no damage.
You shoot an arrow. The arrow hits Azrael!
Azrael is lightly wounded.
Azrael hits you with a +3 scimitar of flaming!
Azrael burns you.
The ogre mage mumbles some strange words.
The ogre mage flickers and vanishes for a moment.
You shoot an arrow. The arrow hits Azrael!
Azrael is moderately wounded.
Azrael barely misses you.
The ogre mage hits you but does no damage.
You shoot an arrow. The arrow barely misses Azrael.
The arrow hits the two-headed ogre!!
The two-headed ogre is severely wounded.
You shoot an arrow. The arrow hits Azrael.
Azrael is moderately wounded.
Azrael gestures at you.
The sphere of damnation explodes!
The damnation engulfs you!!
The damnation engulfs Azrael.
Azrael completely resists.
The ogre mage hits you but does no damage.
16723 ||| READING 4 scrolls of teleportation.
As you read the scroll of teleportation, it crumbles to dust.
You feel strangely unstable. Azrael gestures at you.
The sphere of damnation explodes!
The damnation engulfs you!!
You die...

##
####+#####
........#
.......#
......#
.>O..


OOO ##R# #.@# #.## #.# #+# You could see Azrael, a two-headed ogre, an ogre mage
(invisible) and 2 ogres.

Vanquished Creatures
  Erolcha (D:13)
  Josephine (D:13)
  A centaur warrior (D:13)
  5 catoblepae
  Erica (D:8)
  A boulder beetle (Lair:2)
  5 hydras
  5 two-headed ogres
  12 death yaks
  A tengu warrior (D:12)
  A skyshark (Lair:2)
  Lodul (D:11)
  A lindwurm (Lair:3)
  2 oklob plants (Lair:5)
  A wizard (D:13)
  A deep elf pyromancer (D:10)
  A necromancer (D:13)
  An ugly thing (D:13)
  A cyclops (D:13)
  3 manticores
  3 black mambas
  10 elephants
  9 cane toads
  6 rime drakes
  An unseen horror (D:11)
  10 komodo dragons
  A kobold demonologist (D:12)
  7 trolls
  3 meliai (D:13)
  A queen bee (D:13)
  3 polar bears
  4 hornets
  25 blink frogs
  11 dream sheep
  10 slime creatures (D:12)
  7 wraiths
  4 wyverns
  3 shadows
  48 yaks
  6 fire elementals (D:14)
  9 basilisks
  2 steam dragons
  4 vampire mosquitoes (D:10)
  15 water moccasins
  2 hell hounds (D:14)
  Pargi (Sewer)
  5 orc warriors
  10 ogres
  3 black bears
  An ice beast (D:6)
  7 centaurs
  2 phantoms
  35 wolves
  7 kobold brigands
  13 bullfrogs
  2 scorpions
  5 gnoll sergeants
  7 wights
  26 killer bees
  2 electric eels
  2 howler monkeys (D:11)
  5 jellies
  4 hounds
  8 orc priests
  3 iguanas
  5 sleepcaps
  Jessica (D:3)
  14 orc wizards
  11 gnolls
  16 adders
  A river rat (D:3)
  A white imp (D:5)
  2 ufetubi (D:5)
  2 worms
  2 dart slugs (D:4)
  48 orcs
  11 ball pythons
  9 bats
  7 endoplasms
  3 giant cockroaches
  12 goblins
  5 hobgoblins
  3 jackals
  3 quokkas (D:4)
  3 frilled lizards
  22 kobolds
  11 rats
590 creatures vanquished.

Vanquished Creatures (others)
  A kobold (D:7)
1 creature vanquished.

Grand Total: 591 creatures vanquished

Notes
Turn   | Place    | Note
-------+----------+-------------------------------------------
     0 | D:1      | qw the Gargoyle Hunter began the quest for the Orb.
     0 | D:1      | Reached XP level 1. HP: 12/12 MP: 1/1
     0 | D:1      | 0 ||| qw: Version: 0.2-a-119-g7aa9181
     0 | D:1      | 0 ||| qw: Game counter: 2834
     0 | D:1      | 0 ||| qw: Always use a shield: true
     0 | D:1      | 0 ||| qw: God list: Okawaru
     0 | D:1      | 0 ||| qw: Allow faded altars: false
     0 | D:1      | 0 ||| qw: Do Orc after D:15 true
     0 | D:1      | 0 ||| qw: Do second Lair branch before Depths: true
     0 | D:1      | 0 ||| qw: Lair rune preference: random
     0 | D:1      | 0 ||| qw: Plans: Normal
     0 | D:1      | 0 ||| PLANNING D:1-11
   139 | D:1      | Reached XP level 2. HP: 17/17 MP: 2/2
   480 | D:1      | Reached XP level 3. HP: 21/21 MP: 3/3
   497 | D:1      | Reached skill level 5 in Ranged Weapons
   780 | D:1      | 780 ||| READING 2 scrolls labelled ULYOSU OMOEVU.
   781 | D:1      | 781 ||| DROPPING scroll of butterflies.
   809 | D:2      | Found a faded altar of an unknown god.
  1076 | D:2      | Reached skill level 3 in Fighting
  1103 | D:2      | Reached XP level 4. HP: 20/28 MP: 4/4
  1590 | D:2      | 1590 ||| UPGRADING to +0 ring mail.
  1600 | D:2      | 1600 ||| DROPPING +0 leather armour.
  1601 | D:2      | 1601 ||| READING scroll labelled DUETUI OLLI.
  1602 | D:2      | 1602 ||| READING scroll labelled XONURO ERPHINET.
  1603 | D:2      | 1603 ||| READING 2 scrolls of identify.
  1603 | D:2      | 1603 ||| IDENTIFYING fizzy coppery potion
  1620 | D:3      | 1620 ||| PLANNING SEWER
  1644 | D:3      | Noticed Jessica
  1652 | D:3      | Killed Jessica
  1653 | D:3      | Reached skill level 1 in Armour
  1653 | D:3      | Reached XP level 5. HP: 32/32 MP: 5/5
  1718 | D:3      | Found a glowing drain.
  1773 | Sewer    | Entered a sewer
  1779 | Sewer    | 1779 ||| Stepping ~*~*~tactically~*~*~ (water).
  1832 | Sewer    | Noticed Pargi
  1857 | Sewer    | HP: 7/32 [Pargi (3)]
  1858 | Sewer    | 1858 ||| DRINKING potion of heal wounds.
  1865 | Sewer    | Killed Pargi
  1866 | Sewer    | Reached skill level 6 in Ranged Weapons
  1866 | Sewer    | Reached XP level 6. HP: 28/37 MP: 6/6
  1933 | Sewer    | 1933 ||| UPGRADING to amulet of regeneration.
  1938 | Sewer    | 1938 ||| READING scroll labelled PEAN KUJENLUTO.
  1939 | Sewer    | 1939 ||| READING scroll labelled XAXZIG BUQU.
  1957 | D:3      | 1957 ||| PLANNING D:1-11
  2100 | D:3      | 2100 ||| SWAPPING to +0 longbow.
  2101 | D:3      | 2101 ||| DROPPING +1 shortbow.
  2440 | D:3      | 2440 ||| UPGRADING to +2 ring mail of cold resistance.
  2450 | D:3      | 2450 ||| UPGRADING to +0 pair of boots.
  2455 | D:3      | 2455 ||| DROPPING +0 ring mail.
  2456 | D:3      | 2456 ||| UPGRADING to ring of willpower.
  2457 | D:3      | 2457 ||| READING scroll labelled ZUFU AXUTEDGH.
  2462 | D:3      | 2462 ||| READING scroll labelled COLUGILIURO.
  2593 | D:4      | Found a staircase to the Ecumenical Temple.
  2594 | D:4      | 2594 ||| PLANNING TEMPLE
  2599 | Temple   | Entered the Ecumenical Temple
  2600 | Temple   | 2600 ||| PLANNING OKAWARU WORSHIP
  2922 | Temple   | Became a worshipper of Warmaster Okawaru
  2922 | Temple   | 2922 ||| PLANNING D:1-11
  2939 | D:4      | 2939 ||| Stepping ~*~*~tactically~*~*~ (outnumbered).
  3000 | D:4      | Reached skill level 7 in Ranged Weapons
  3062 | D:4      | Reached XP level 7. HP: 43/43 MP: 7/7
  3148 | D:4      | 3148 ||| READING scroll labelled JISCHOE NUKUNK.
  3174 | D:4      | Reached * piety under Okawaru
  3200 | D:4      | Reached skill level 8 in Ranged Weapons
  3210 | D:4      | 3210 ||| INVOKING Heroism.
  3218 | D:4      | Reached skill level 1 in Invocations
  3504 | D:4      | 3504 ||| READING scroll labelled UMMES AMIGRAHA.
  3505 | D:4      | 3505 ||| READING 2 scrolls of identify.
  3505 | D:4      | 3505 ||| IDENTIFYING emerald potion
  3516 | D:5      | Entered Level 5 of the Dungeon
  3641 | D:5      | 3641 ||| INVOKING Heroism.
  3659 | D:5      | Reached XP level 8. HP: 49/49 MP: 9/9
  3712 | D:5      | You fall into a shaft and drop 3 floors!
  3716 | D:8      | 3716 ||| READING scroll of enchant weapon.
  3716 | D:8      | 3716 ||| ENCHANTING +0 longbow.
  3721 | D:8      | 3721 ||| INVOKING Heroism.
  3800 | D:8      | Noticed Erica
  3801 | D:8      | 3801 ||| INVOKING Heroism.
  3811 | D:8      | Killed Erica
  3811 | D:8      | Reached ** piety under Okawaru
  3812 | D:8      | Reached skill level 9 in Ranged Weapons
  3883 | D:8      | 3883 ||| READING scroll labelled MAOPNE ZUSM.
  3884 | D:8      | 3884 ||| READING 3 scrolls of identify.
  3884 | D:8      | 3884 ||| IDENTIFYING coppery potion
  3885 | D:8      | 3885 ||| READING 2 scrolls of identify.
  3885 | D:8      | 3885 ||| IDENTIFYING metallic dark potion
  3886 | D:8      | 3886 ||| DROPPING potion of brilliance.
  3900 | D:7      | Reached XP level 9. HP: 55/55 MP: 12/12
  3924 | D:7      | 3924 ||| INVOKING Heroism.
  3928 | D:7      | Reached skill level 6 in Fighting
  3990 | D:7      | 3990 ||| INVOKING Heroism.
  4002 | D:7      | HP: 11/55 [kobold brigand/+0 short sword (3)]
  4003 | D:7      | 4003 ||| READING scroll of teleportation.
  4004 | D:7      | HP: 4/55 [kobold brigand/+0 short sword (6)]
  4038 | D:7      | 4038 ||| INVOKING Heroism.
  4074 | D:7      | 4074 ||| Stepping ~*~*~tactically~*~*~ (outnumbered).
  4098 | D:7      | 4098 ||| Stepping ~*~*~tactically~*~*~ (outnumbered).
  4207 | D:6      | 4207 ||| INVOKING Heroism.
  4228 | D:6      | Found an ancient bone altar of Kikubaaqudgha.
  4241 | D:6      | Found a radiant altar of Vehumet.
  4250 | D:6      | Reached skill level 10 in Ranged Weapons
  4307 | D:6      | 4307 ||| READING scroll labelled PIOZEG XITI.
  4308 | D:6      | 4308 ||| READING scroll labelled NOUDIX GOBO.
  4309 | D:6      | 4309 ||| DRINKING 2 silvery potions.
  4654 | D:5      | 4654 ||| INVOKING Heroism.
  4903 | D:5      | 4903 ||| DROPPING +2 leather armour of positive energy.
  4904 | D:5      | 4904 ||| UPGRADING to ring of see invisible.
  4905 | D:5      | 4905 ||| READING scroll labelled XISKUC GERERPHI.
  4906 | D:5      | 4906 ||| DRINKING 2 fuming orange potions.
  4945 | D:5      | 4945 ||| DROPPING potion of lignification.
  5070 | D:6      | 5070 ||| INVOKING Heroism.
  5116 | D:6      | Reached *** piety under Okawaru
  5117 | D:6      | Reached skill level 11 in Ranged Weapons
  5152 | D:6      | 5152 ||| INVOKING Heroism.
  5325 | D:6      | 5325 ||| READING 2 scrolls of identify.
  5325 | D:6      | 5325 ||| IDENTIFYING blue potion
  5343 | D:7      | 5343 ||| INVOKING Heroism.
  5464 | D:7      | 5464 ||| INVOKING Heroism.
  5471 | D:7      | Reached skill level 3 in Dodging
  5592 | D:7      | Reached skill level 3 in Armour
  5592 | D:7      | Reached XP level 10. HP: 63/63 MP: 13/13
  5607 | D:7      | 5607 ||| INVOKING Heroism.
  5666 | D:7      | 5666 ||| INVOKING Heroism.
  5667 | D:7      | 5667 ||| Stepping ~*~*~tactically~*~*~ (outnumbered).
  5715 | D:7      | Found an ornate altar of the Wu Jian Council.
  5715 | D:7      | Found a glowing silver altar of Zin.
  5988 | D:7      | 5988 ||| DRINKING 2 puce potions.
  6092 | D:7      | 6092 ||| READING 2 scrolls of identify.
  6092 | D:7      | 6092 ||| IDENTIFYING smoky white potion
  6093 | D:7      | 6093 ||| DROPPING potion of berserk rage.
  6094 | D:7      | 6094 ||| DROPPING potion of enlightenment.
  6157 | D:8      | Identified the scarf of Resilience {+Inv, Rampage rPois
                  | Int+3 Dex+3}
  6179 | D:8      | 6179 ||| INVOKING Heroism.
  6183 | D:8      | 6183 ||| Stepping ~*~*~tactically~*~*~ (outnumbered).
  6189 | D:8      | 6189 ||| Stepping ~*~*~tactically~*~*~ (outnumbered).
  6192 | D:8      | 6192 ||| INVOKING Heroism.
  6265 | D:8      | 6265 ||| Stepping ~*~*~tactically~*~*~ (outnumbered).
  6272 | D:8      | 6272 ||| INVOKING Heroism.
  6563 | D:8      | 6563 ||| UPGRADING to scarf of Resilience {+Inv, Rampage
                  | rPois Int+3 Dex+3}.
  6568 | D:8      | 6568 ||| UPGRADING to +2 helmet.
  6573 | D:8      | 6573 ||| READING 2 scrolls of identify.
  6573 | D:8      | 6573 ||| IDENTIFYING purple potion
  6630 | D:9      | Reached skill level 12 in Ranged Weapons
  6680 | D:9      | Found a staircase to the Lair.
  6765 | D:9      | Found a basalt altar of Yredelemnul.
  6886 | D:9      | 6886 ||| READING scroll of enchant weapon.
  6886 | D:9      | 6886 ||| ENCHANTING +1 longbow.
  6986 | D:9      | 6986 ||| INVOKING Heroism.
  7038 | D:9      | 7038 ||| INVOKING Heroism.
  7233 | D:9      | 7233 ||| PLANNING LAIR
  7233 | D:9      | 7233 ||| UPGRADING to ring of protection from fire.
  7235 | D:9      | 7235 ||| READING scroll labelled DESEFAA MIEMNU.
  7236 | D:9      | 7236 ||| READING 3 scrolls of identify.
  7236 | D:9      | 7236 ||| IDENTIFYING fizzy cyan potion
  7237 | D:9      | 7237 ||| READING 2 scrolls of identify.
  7237 | D:9      | 7237 ||| IDENTIFYING murky coppery potion
  7238 | D:9      | 7238 ||| DROPPING potion of ambrosia.
  7239 | D:9      | 7239 ||| DROPPING potion of attraction.
  7256 | Lair:1   | Entered Level 1 of the Lair of Beasts
  7256 | Lair:1   | Noticed a cane toad
  7257 | Lair:1   | 7257 ||| INVOKING Heroism.
  7264 | Lair:1   | Killed a cane toad
  7288 | Lair:1   | 7288 ||| INVOKING Heroism.
  7294 | Lair:1   | Noticed an elephant
  7294 | Lair:1   | Noticed a catoblepas
  7295 | Lair:1   | Reached **** piety under Okawaru
  7296 | Lair:1   | Reached skill level 13 in Ranged Weapons
  7296 | Lair:1   | Reached XP level 11. HP: 68/68 MP: 11/14
  7311 | Lair:1   | 7311 ||| INVOKING Heroism.
  7312 | Lair:1   | Killed a catoblepas
  7315 | Lair:1   | Reached skill level 6 in Invocations
  7325 | Lair:1   | 7325 ||| FLEEEEING.
  7326 | Lair:1   | 7326 ||| FLEEEEING.
  7327 | Lair:1   | 7327 ||| FLEEEEING.
  7328 | Lair:1   | 7328 ||| FLEEEEING.
  7329 | Lair:1   | 7329 ||| FLEEEEING.
  7330 | Lair:1   | 7330 ||| FLEEEEING.
  7331 | Lair:1   | 7331 ||| STAIRDANCE
  7438 | Lair:1   | Reached skill level 9 in Fighting
  7548 | Lair:1   | 7548 ||| INVOKING Heroism.
  7632 | Lair:1   | Reached ***** piety under Okawaru
  7731 | Lair:1   | 7731 ||| INVOKING Heroism.
  8312 | Lair:2   | 8312 ||| INVOKING Heroism.
  8318 | Lair:2   | Reached skill level 14 in Ranged Weapons
  8322 | Lair:2   | HP: 12/71 [komodo dragon (16)]
  8323 | Lair:2   | 8323 ||| READING 8 scrolls of teleportation.
  8324 | Lair:2   | 8324 ||| DRINKING potion of heal wounds.
  8329 | Lair:2   | HP: 10/71 [cane toad (13)]
  8330 | Lair:2   | 8330 ||| READING 7 scrolls of teleportation.
  8404 | Lair:2   | 8404 ||| INVOKING Heroism.
  8408 | Lair:2   | Reached skill level 9 in Invocations
  8416 | Lair:2   | Reached XP level 12. HP: 61/76 MP: 16/18
  8495 | Lair:2   | Found a hole to the Spider Nest.
  8530 | Lair:2   | Found a frozen archway.
  8567 | Lair:2   | 8567 ||| Stepping ~*~*~tactically~*~*~ (outnumbered).
  8601 | Lair:2   | Noticed a boulder beetle
  8603 | Lair:2   | 8603 ||| INVOKING Heroism.
  8604 | Lair:2   | 8604 ||| INVOKING Finesse.
  8621 | Lair:2   | Killed a boulder beetle
  8802 | Lair:2   | Noticed a death yak
  8803 | Lair:2   | 8803 ||| INVOKING Heroism.
  8804 | Lair:2   | 8804 ||| INVOKING Finesse.
  8813 | Lair:2   | Killed a death yak
  8865 | Lair:2   | Noticed an eight-headed hydra
  8866 | Lair:2   | 8866 ||| INVOKING Heroism.
  8871 | Lair:2   | 8871 ||| INVOKING Finesse.
  8876 | Lair:2   | Killed an eight-headed hydra
  8946 | Lair:2   | Identified the +7 quarterstaff "Apiyts" {heavy, Stlth+}
  9123 | Lair:2   | Noticed a skyshark
  9131 | Lair:2   | Killed a skyshark
  9244 | Lair:2   | 9244 ||| INVOKING Heroism.
  9253 | Lair:2   | Reached skill level 15 in Ranged Weapons
  9293 | Lair:3   | 9293 ||| INVOKING Heroism.
  9335 | Lair:3   | 9335 ||| INVOKING Heroism.
  9521 | Lair:3   | 9521 ||| INVOKING Heroism.
  9603 | Lair:3   | 9603 ||| INVOKING Heroism.
  9711 | Lair:3   | Noticed a death yak
  9712 | Lair:3   | 9712 ||| INVOKING Heroism.
  9712 | Lair:3   | Noticed a six-headed hydra
  9715 | Lair:3   | Reached XP level 13. HP: 82/82 MP: 17/20
  9721 | Lair:3   | HP: 20/82 [six-headed hydra (1)]
  9722 | Lair:3   | 9722 ||| READING 6 scrolls of teleportation.
  9723 | Lair:3   | HP: 8/82 [death yak (7)]
  9725 | Lair:3   | Reached skill level 16 in Ranged Weapons
  9738 | Lair:3   | 9738 ||| READING 5 scrolls of teleportation.
  9739 | Lair:3   | HP: 19/82 [death yak (3)]
  9913 | Lair:3   | You fall into a shaft and drop 2 floors!
  9913 | Lair:5   | Entered Level 5 of the Lair of Beasts
  9914 | Lair:5   | 9914 ||| INVOKING Heroism.
  9972 | Lair:5   | 9972 ||| INVOKING Heroism.
 10025 | Lair:4   | 10025 ||| INVOKING Heroism.
 10043 | Lair:4   | 10043 ||| INVOKING Heroism.
 10185 | Lair:4   | 10185 ||| READING 3 scrolls of identify.
 10185 | Lair:4   | 10185 ||| IDENTIFYING green potion
 10186 | Lair:4   | 10186 ||| READING 2 scrolls of identify.
 10186 | Lair:4   | 10186 ||| IDENTIFYING amethyst potion
 10187 | Lair:4   | 10187 ||| DROPPING potion of invisibility.
 10234 | Lair:3   | 10234 ||| INVOKING Heroism.
 10279 | Lair:3   | 10279 ||| INVOKING Heroism.
 10320 | Lair:3   | Reached skill level 17 in Ranged Weapons
 10335 | Lair:3   | 10335 ||| INVOKING Heroism.
 10388 | Lair:3   | Identified the +2 ring mail "Luim" {rCorr Int+3 Dex+2}
 10420 | Lair:3   | Found a staircase to the Shoals.
 10625 | Lair:3   | 10625 ||| INVOKING Heroism.
 10633 | Lair:3   | Identified the +2 cloak "Yhae" {Dex+6} (Okawaru gifted it
                  | to you on level 3 of the Lair of Beasts)
 10633 | Lair:3   | Received a gift from Okawaru
 10671 | Lair:3   | 10671 ||| UPGRADING to +2 ring mail "Luim" {rCorr Int+3
                  | Dex+2}.
 10681 | Lair:3   | 10681 ||| UPGRADING to +2 cloak "Yhae" {Dex+6}.
 10691 | Lair:3   | 10691 ||| DROPPING scarf of Resilience {+Inv, Rampage rPois
                  | Int+3 Dex+3}.
 10692 | Lair:3   | 10692 ||| UPGRADING to +0 pair of gloves.
 10697 | Lair:3   | 10697 ||| UPGRADING to amulet of reflection.
 10707 | Lair:3   | 10707 ||| DROPPING amulet of regeneration.
 10718 | Lair:3   | 10718 ||| INVOKING Heroism.
 10764 | Lair:4   | 10764 ||| READING scroll of enchant armour.
 10764 | Lair:4   | 10764 ||| ENCHANTING +0 pair of gloves.
 10770 | Lair:4   | 10770 ||| INVOKING Heroism.
 10803 | Lair:4   | Reached skill level 6 in Armour
 10806 | Lair:4   | 10806 ||| INVOKING Heroism.
 10823 | Lair:4   | Reached skill level 6 in Dodging
 10945 | Lair:4   | 10945 ||| INVOKING Heroism.
 11001 | Lair:4   | 11001 ||| INVOKING Heroism.
 11124 | Lair:4   | 11124 ||| INVOKING Heroism.
 11637 | Lair:5   | 11637 ||| INVOKING Heroism.
 11664 | Lair:5   | Gained mutation: Your large and strong wings let you fly.
                  | [Gargoyle growth]
 11664 | Lair:5   | Reached XP level 14. HP: 80/90 MP: 21/21
 11694 | Lair:5   | 11694 ||| INVOKING Heroism.
 11958 | Lair:5   | 11958 ||| FLEEEEING.
 12081 | Lair:5   | 12081 ||| INVOKING Heroism.
 12119 | Lair:5   | Reached skill level 18 in Ranged Weapons
 12119 | Lair:5   | HP: 22/90 [yak (8)]
 12120 | Lair:5   | 12120 ||| READING 5 scrolls of teleportation.
 12329 | Lair:5   | 12329 ||| INVOKING Heroism.
 12526 | Lair:5   | 12526 ||| INVOKING Heroism.
 12548 | Lair:5   | Found a staircase to the Slime Pits.
 12670 | Lair:5   | 12670 ||| INVOKING Heroism.
 12684 | Lair:5   | Reached skill level 12 in Fighting
 12732 | Lair:5   | 12732 ||| INVOKING Heroism.
 12749 | Lair:5   | Received a gift from Okawaru
 12883 | Lair:5   | 12883 ||| INVOKING Heroism.
 12934 | Lair:5   | 12934 ||| PLANNING D:1-11
 13046 | D:10     | Entered Level 10 of the Dungeon
 13186 | D:10     | 13186 ||| INVOKING Heroism.
 13407 | D:10     | Found a broken altar of Ashenzari.
 13874 | D:10     | 13874 ||| DROPPING +2 ring mail of cold resistance.
 13875 | D:10     | 13875 ||| DROPPING +6 ring of intelligence.
 14126 | D:11     | Noticed Lodul
 14130 | D:11     | 14130 ||| FLEEEEING.
 14131 | D:11     | 14131 ||| FLEEEEING.
 14139 | D:11     | Killed Lodul
 14464 | D:11     | 14464 ||| READING scroll of enchant weapon.
 14464 | D:11     | 14464 ||| ENCHANTING +2 longbow.
 14513 | D:11     | 14513 ||| PLANNING D
 14513 | D:11     | 14513 ||| DROPPING +2 ring mail of poison resistance.
 14514 | D:11     | 14514 ||| DROPPING amulet of the acrobat.
 14539 | D:12     | Reached skill level 19 in Ranged Weapons
 14624 | D:12     | 14624 ||| INVOKING Heroism.
 14778 | D:12     | Received a gift from Okawaru
 14780 | D:12     | 14780 ||| DROPPING +0 orcbow of flaming.
 14809 | D:12     | 14809 ||| INVOKING Heroism.
 14810 | D:12     | 14810 ||| READING 6 scrolls of teleportation.
 14813 | D:12     | Reached XP level 15. HP: 74/96 MP: 19/22
 14884 | D:12     | 14884 ||| FLEEEEING.
 15136 | D:12     | Found a staircase to the Orcish Mines.
 15158 | D:12     | 15158 ||| Stepping ~*~*~tactically~*~*~ (outnumbered).
 15325 | D:12     | 15325 ||| UPGRADING to +4 ring of protection.
 15525 | D:13     | Found a gate to the Vaults.
 15730 | D:13     | 15730 ||| INVOKING Heroism.
 15780 | D:13     | 15780 ||| INVOKING Heroism.
 15896 | D:13     | Noticed Erolcha
 15901 | D:13     | Killed Erolcha
 16155 | D:13     | 16155 ||| INVOKING Heroism.
 16158 | D:13     | 16158 ||| SWAPPING to +0 longbow of flaming.
 16163 | D:13     | 16163 ||| SWAPPING to +3 longbow.
 16250 | D:13     | Noticed Josephine
 16261 | D:13     | Killed Josephine
 16264 | D:13     | Reached skill level 9 in Armour
 16628 | D:13     | 16628 ||| READING scroll labelled VILYK KUMUDOU.
 16683 | D:14     | 16683 ||| INVOKING Heroism.
 16684 | D:14     | 16684 ||| READING 5 scrolls of teleportation.
 16697 | D:14     | Noticed Azrael
 16722 | D:14     | HP: 7/98 [Azrael/damnation (22)]
 16723 | D:14     | 16723 ||| READING 4 scrolls of teleportation.
 16723 | D:14     | Killed from afar by Azrael

Levels and vault maps discovered:
D:1:      saegor_arrival_fortress, layout_basic
D:2:      layout_loops_ring, basic_ecumenical_altar, st_stairs_3,
          minmay_heptomino_l4
D:3:      layout_loops_cross, cheibrodos_sewer_entry_sluice, serial_glass,
          glass_columns_a, glass_columns_c, glass_columns_c, glass_columns_b,
          glass_columns_a, glass_columns_b, glass_columns_b, glass_columns_c,
          glass_columns_c, glass_columns_c, glass_columns_a, glass_columns_c,
          glass_columns_a, glass_columns_a, uniq_jessica
D:4:      cheibrodos_pilgrimage, layout_cave_pools, minmay_temple_entry_hall
D:5:      layout_basic, nicolae_letterblocks [nicolae_letter_subblock,
          nicolae_letter_subblock, nicolae_letter_subblock,
          nicolae_letter_subblock, nicolae_letter_subblock,
          nicolae_letter_subblock, nicolae_letter_subblock,
          nicolae_letter_subblock, nicolae_letter_subblock,
          nicolae_letter_subblock, nicolae_letter_subblock,
          nicolae_letter_subblock, nicolae_letter_subblock,
          nicolae_letter_subblock, nicolae_letter_subblock,
          nicolae_letter_subblock, nicolae_letter_subblock,
          nicolae_letter_subblock, nicolae_letter_subblock,
          nicolae_letter_subblock, nicolae_letter_subblock,
          nicolae_letter_subblock, nicolae_letter_subblock,
          nicolae_letter_subblock, nicolae_letter_subblock]
D:6:      layout_basic, mainiacjoe_overflow_concentric_impassable,
          kiku_gazebo_pond_becter, minmay_misc_feat_five,
          minmay_unpleasant_kobolds
D:7:      layout_basic, nicolae_overflow_two_pavilions, grunt_ministairs_2
D:8:      layout_loops_ring, uniq_erica
D:9:      layout_roguey, lemuel_coloured_pillars_altar, dpeg_oklobed_lair
D:10:     argonaut_augean_stables, layout_irregular_city,
          overflow_temple_1_default, grunt_ministairs_10
D:11:     layout_loops_ring, uniq_lodul
D:12:     layout_cave_pools, kennysheep_orc_monster_closet_entryway
D:13:     layout_basic, david_vaults_1, special_room [special_room_bee],
          serial_co_window_serial, co_window_corner_a, co_window_paths_b,
          co_window_paths_a, co_window_of_opportunity_a,
          co_window_of_opportunity_a, co_window_corner_a, co_window_paths_a,
          co_window_of_opportunity_a, co_window_of_opportunity_a,
          co_window_corner_cb, co_window_cross_2, co_window_corner_b,
          co_window_corner_cb, corner_web_ring, uniq_erolcha, uniq_josephine
D:14:     layout_roguey, infiniplex_staircase_spiral,
          nicolae_dithmenos_through_a_glass_darkly, uniq_azrael, uniq_louise
Temple:   compressed_dpeg_triangle_lava_temple
Lair:1:   layout_regular_city, infiniplex_staircase_pool_2, grunt_megastairs_3
Lair:2:   nzn_winding_woodlands_medium [nzn_winding_woodlands_5x5_perimeter,
          nzn_winding_woodlands_5x15_twine,
          nzn_winding_woodlands_5x5_closed_star,
          nzn_winding_woodlands_5x5_open_star,
          nzn_winding_woodlands_center_triple_pond,
          nzn_winding_woodlands_5x5_three, nzn_winding_woodlands_5x5_default,
          nzn_winding_woodlands_5x15_eye, nzn_winding_woodlands_5x5_cross],
          layout_loops_ring, dummy_spider_entry,
          portal_ice_cave_entry_pillars_2, serial_bayou_shore_b,
          lemuel_fruit_tree
Lair:3:   layout_gridlike, minmay_shoals_entry_centaurs,
          hangedman_lair_generics_rect, grunt_megastairs_5
Lair:4:   layout_concentric_octagons
Lair:5:   evilmike_catoblepas_cave, layout_big_grid,
          minmay_slime_entry_oklob_enclosed, serial_bayou_lagoon_a

Skill      XL: |  1  2  3  4  5  6  7  8  9 10 11 12 13 14 15 |
---------------+----------------------------------------------+-----
Ranged Weapons | 5 6 7 8 9 11 13 14 15 17 19 | 19.1
Fighting       | 3 4 5 7 8 9 10 11 12 13 | 13.0
Armour         | 1 2 3 4 5 7 8 9 |  9.0
Invocations    | 2 5 9 10 | 10.0
Dodging        | 2 3 4 5 7 8 |  8.0
Stealth        | |  1.1

Action                     |  1- 3 |  4- 6 |  7- 9 | 10-12 | 13-15 || total
---------------------------+-------+-------+-------+-------+-------++-------
   Fire: Shortbow          |   142 |   169 |       |       |       ||   311
         Longbow           |       |    62 |   331 |   638 |  1160 ||  2191
 Invoke: Heroism           |       |       |    13 |    23 |    29 ||    65
         Finesse           |       |       |       |     3 |       ||     3
    Use: Scroll            |     1 |     7 |    12 |     8 |    11 ||    39
         Potion            |       |     1 |     2 |     2 |       ||     5
 Armour: Leather armour    |    34 |    19 |       |       |       ||    53
         Ring mail         |       |    74 |   132 |   263 |   293 ||   762
  Dodge: Dodged            |    36 |   102 |   162 |   387 |   540 ||  1227
  Block: Other             |       |       |       |       |    97 ||    97

Table legend:
 A = Non-vault XP
 B = Vault XP
 C = Vault XP percentage of total XP
 D = Non-vault monster count
 E = Vault monster count
 F = Vault count percentage of total count
                 A         B        C        D         E       F
            +---------+---------+-------+---------+---------+-------
      Total |   62346 |   40506 |  39.4 |     405 |     185 |  31.4
            +---------+---------+-------+---------+---------+-------
        D:1 |      47 |       0 |   0.0 |      29 |       0 |   0.0
        D:2 |      74 |      10 |  11.9 |      20 |       6 |  23.1
        D:3 |     106 |      56 |  34.6 |      19 |       4 |  17.4
        D:4 |     472 |      58 |  10.9 |      29 |       6 |  17.1
        D:5 |     492 |       0 |   0.0 |      14 |       0 |   0.0
        D:6 |    1173 |     200 |  14.6 |      17 |       6 |  26.1
        D:7 |    1212 |     181 |  13.0 |      32 |       9 |  22.0
        D:8 |    1303 |     839 |  39.2 |      18 |       1 |   5.3
        D:9 |    2411 |       0 |   0.0 |      21 |       0 |   0.0
       D:10 |    3823 |    3959 |  50.9 |      18 |      16 |  47.1
       D:11 |    1241 |    1449 |  53.9 |      15 |       7 |  31.8
       D:12 |    5800 |    1228 |  17.5 |      20 |      20 |  50.0
       D:13 |    4333 |    7648 |  63.8 |       7 |      35 |  83.3
       D:14 |       0 |    1458 | 100.0 |       0 |       8 | 100.0
     Lair:1 |    6192 |    1599 |  20.5 |      25 |       4 |  13.8
     Lair:2 |    2768 |    6153 |  69.0 |       9 |      21 |  70.0
     Lair:3 |    8592 |    3499 |  28.9 |      34 |      15 |  30.6
     Lair:4 |   10709 |       0 |   0.0 |      28 |       0 |   0.0
     Lair:5 |   11598 |   12029 |  50.9 |      50 |      25 |  33.3
      Sewer |       0 |     140 | 100.0 |       0 |       2 | 100.0
            +---------+---------+-------+---------+---------+-------
